 Dungeon Crawl Stone Soup version 0.31.0-4-g52a2dc7128 (webtiles) character file.

Game seed: 9607065105352923981

14911 Eitelfritz the Grappler (level 11, -7/89 (90) HPs)
             Began as a Troll Gladiator on Jan 21, 2024.
             Was a High Priest of Hepliaklqana.
             Mangled by a reaper
             ... wielding a +3 scythe of protection
              (32 damage)
             ... in a Gauntlet.
             The game lasted 00:21:28 (9782 turns).

Eitelfritz the Grappler (Troll Gladiator)           Turns: 9782, Time: 00:21:28

HP:   -7/89 (90)    AC: 15    Str: 24    XL:     11   Next: 94%
MP:   14/14         EV: 11    Int:  8    God:    Hepliaklqana [*****.]
Gold: 263           SH:  0    Dex: 11    Spells: 10/10 levels left

rFire   . .          .
                       - Unarmed
rCold   . . .        (no shield)
rNeg    . . .        r - +1 troll leather armour
rPois   .            I - +2 hat
rElec   .            i - +2 cloak
rCorr   .            (gloves unavailable)
SInv    .            (boots unavailable)
Will    .....        (no amulet)
Stlth   ++           f - ring of flight
HPRegen 1.94/turn    o - +4 ring of protection
MPRegen 0.14/turn

%: no teleportation
@: flying, studying Invocations, lightly drained
A: reduced essence, large, unfitting armour, claws 3, regeneration 1, shaggy fur
1, tough skin 1
a: Renounce Religion, Recall Ancestor, Ancestor Identity, Transference, Idealise


You were in a Gauntlet.
You worshipped Hepliaklqana.
Hepliaklqana was extremely pleased with you.
You visited 2 branches of the dungeon, and saw 13 of its levels.
You also visited: Gauntlet.

You collected 619 gold pieces.
You spent 356 gold pieces at shops.

Inventory:

Hand Weapons
 a - a +5 shortbow of flaming
 b - a +0 giant spiked club
Missiles
 c - 4 throwing nets
 d - 4 large rocks (quivered)
 p - 10 poisoned darts
 y - 4 curare-tipped darts
Armour
 i - a +2 cloak (worn)
 r - a +1 troll leather armour (worn)
 v - +0 steam dragon scales
 w - a +2 robe of willpower
 I - a +2 hat (worn)
Jewellery
 f - a ring of flight (left claw)
 o - a +4 ring of protection (right claw)
Wands
 n - a wand of iceblast (18)
Scrolls
 e - 4 scrolls of teleportation
 j - 3 scrolls of immolation
 t - 3 scrolls of blinking
 u - 3 scrolls of butterflies
 x - a scroll of silence
 A - a scroll of revelation
 B - a scroll of acquirement {unknown}
 D - a scroll of amnesia
 E - a scroll of identify
Potions
 g - 3 potions of attraction
 h - a potion of heal wounds
 k - 3 potions of curing
 l - 2 potions of ambrosia
 m - 2 potions of resistance {unknown}
 q - a potion of magic {unknown}
 s - 3 potions of lignification
 z - 3 potions of mutation {unknown}
 C - a potion of haste {unknown}
 F - a potion of invisibility {unknown}
 G - a potion of brilliance {unknown}
 H - a potion of enlightenment {unknown}


   Skills:
 + Level 4.5 Fighting
 + Level 2.1 Throwing
 + Level 3.7 Armour
 + Level 6.8 Dodging
 + Level 4.9 Stealth
 + Level 14.0 Unarmed Combat
 - Level 6.0 Invocations


You had 10 spell levels left.
You didn't know any spells.
Your spell library contained the following spells:

 Spells                   Type           Power      Damage    Failure   Level
 Freeze                   Ice            0%         1d3       43%         1
 Kiss of Death            Conj/Necr      0%         2d5       43%         1
 Sandblast                Erth           0%         2d4       43%         1
 Slow                     Hex            0%         N/A       43%         1
 Call Imp                 Summ           0%         N/A       58%         2
 Sublimation of Blood     Necr           0%         N/A       58%         2
 Confusing Touch          Hex            0%         N/A       82%         3
 Frozen Ramparts          Ice            0%         1d1       82%         3
 Hailstorm                Conj/Ice       0%         3d5       82%         3
 Passwall                 Erth           0%         N/A       82%         3
 Sigil of Binding         Hex            0%         N/A       82%         3
 Stone Arrow              Conj/Erth      0%         3d7       82%         3
 Vampiric Draining        Necr           0%         2d6       82%         3
 Brom's Barrelling Bould  Conj/Erth      0%         2d3       99%         4
 Dispel Undead            Necr           0%         3d6       99%         4
 Summon Hydra             Summ           0%         N/A       100%        7


Dungeon Overview and Level Annotations

Branches:
Dungeon (12/15)            Temple (1/1) D:6            Lair (0/5) D:9
    Orc (0/2) D:9         Gauntlet (1/1)

Altars:
Ashenzari
Cheibriados
Dithmenos
Elyvilon
Fedhas
Gozag
Hepliaklqana
Kikubaaqudgha
Makhleb
Nemelex Xobeh
Okawaru
Qazlal
Ru
Sif Muna
Trog
Uskayaw
Vehumet
Wu Jian
Xom
Yredelemnul
Zin
The Shining One

Shops:
D:3 (   D:6 :   D:8 *(   D:9 =

Portals:
Trove: D:11 (give +2 gold dragon scales)

Annotations:
Gauntlet 7 transporters


Innate Abilities, Weirdness & Mutations

Your life essence is reduced to manifest your ancestor. (-10% HP)
You are too large for most types of armour.
You have claws for hands.
Your natural rate of healing is unusually fast.
You are covered in fur. (AC +1)
You have tough skin. (AC +1)


Message History

There is a transporter here.
You enter the transporter and appear at another place.
You swap places.
There is a transporter landing site here.
What are your orders? t - Shout!
Orders for allies: a - Attack new target. r - Retreat! s - Stop attacking. g - Guard the area. f - Follow me.
Anything else - Cancel.
Gang up on whom?
Press: ? - help, Dir - move target, f - reaper
Aim: a reaper, wielding a +3 scythe of protection Attack!
The reaper barely misses you. The reaper closely misses you.
The reaper hits you with a +3 scythe of protection!!
The reaper drags you backwards!
You scratch the reaper but do no damage.
You scratch the reaper. Your claw misses the reaper.
The reaper is lightly wounded.
The reaper hits you with a +3 scythe of protection!!
The reaper drags you backwards!
You mangle the reaper!!
The reaper is moderately wounded.
The reaper hits you with a +3 scythe of protection!!
The reaper drags you backwards!
You claw the reaper!
The reaper is heavily wounded.
The reaper draws a finger across its throat.
The reaper hits you with a +3 scythe of protection!
* * * LOW HITPOINT WARNING * * *
The reaper drags you backwards!
You scratch the reaper.
The reaper is heavily wounded.
Ilshubani points at the reaper and mumbles some strange words.
The reaper resists with almost no effort.
You barely miss the reaper.
The reaper is heavily wounded.
The reaper hits you with a +3 scythe of protection!!
You die...

.#...#.$#####.#..#..#(#..#...##.
#...h.#h#...#..##^##..#..#.8....
....hhh##...#.xxxXxx..#..#...##.
#########...###########..#...#
..........≈.............≈#.©.#
.........≈8≈............∩#......
..........§.............≈#.©.##.
#########...###########..#...#
#....#.##...#?=2@.R...#..#...#
#.##..#.#...#!######..#..#.8...
##.#...########....##.#..#...##.
.#.©###.#...##.####.#.#..#.8.#
#.####.©#©.©#.##.©.##.#..#...
...###P.#...#.#.####.##..#≈8≈
.#.#.##.#####.##....###..# ##
#.##....#...#..######©#..#
####.#..#.8.#........##..###


You could see the friendly Ilshubani the hexer, a reaper (ally target), a large
abomination and 5 small abominations.

Vanquished Creatures
  3 two-headed ogres
  Nergalle (D:11)
  A necromancer (Gauntlet)
  A manticore (D:11)
  A cyclops (D:11)
  An ugly thing (D:11)
  4 slime creatures (D:12)
  A kobold demonologist (D:5)
  A troll (D:5)
  A hornet (D:9)
  Sigmund (D:5)
  3 shadows
  2 wyverns (D:11)
  A vampire (D:11)
  5 yaks
  3 vampire mosquitoes (D:11)
  Menkaure (D:4)
  A steam dragon (D:5)
  2 acid dragons (D:11)
  2 water moccasins
  5 orc warriors
  2 ice beasts (D:7)
  A sky beast (D:8)
  2 black bears
  2 laughing skulls (Gauntlet)
  5 wolves (Gauntlet)
  3 centaurs
  2 phantoms
  2 kobold brigands
  2 bullfrogs
  7 scorpions
  11 wights
  2 killer bees (D:11)
  2 howler monkeys
  2 hounds
  Crazy Yiuf (D:5)
  2 bombardier beetles (D:5)
  4 orc priests
  3 gnoll boudas
  8 iguanas
  A sleepcap (D:5)
  Ijyb (D:4)
  Natasha (D:3)
  5 orc wizards
  7 adders
  8 gnolls
  A shadow imp (D:7)
  2 white imps
  3 ufetubi
  2 dart slugs
  3 ribbon worms
  25 orcs
  7 bats
  5 endoplasms
  3 hobgoblins
  3 jackals (D:3)
  6 quokkas
  7 ball pythons
  3 frilled lizards
  6 goblins
  16 kobolds
  3 rats
222 creatures vanquished.

Vanquished Creatures (collateral kills)
  A boulder beetle (D:11)
  An unseen horror (D:12)
  A komodo dragon (D:9)
  2 yaks (D:10)
  A basilisk (D:12)
  A vampire mosquito (D:11)
  An orc warrior (D:8)
  An ice beast (D:5)
  An ogre (D:7)
  A scorpion (D:9)
  A wight (D:9)
  3 killer bees (D:11)
  A hound (D:7)
  An orc priest (D:8)
  2 gnolls (D:9)
  3 orcs
  A quokka (D:5)
  A kobold (D:8)
24 creatures vanquished.

Vanquished Creatures (others)
  2 hexers
  An ancestor (D:5)
3 creatures vanquished.

Grand Total: 249 creatures vanquished

Notes
Turn   | Place    | Note
-------+----------+-------------------------------------------
     0 | D:1      | Eitelfritz the Troll Gladiator began the quest for the Orb.
     0 | D:1      | Reached XP level 1. HP: 19/19 MP: 0/0
   120 | D:1      | Reached XP level 2. HP: 24/27 MP: 1/1
   655 | D:2      | Reached XP level 3. HP: 35/35 MP: 2/2
   758 | D:2      | Identified the +1 scale mail "Pocwey" {Str-5 Int+4}
  1495 | D:3      | Found Duesyrph's Weapon Boutique.
  1679 | D:3      | Noticed Natasha
  1685 | D:3      | Killed Natasha
  1686 | D:3      | Reached skill level 4 in Unarmed Combat
  1686 | D:3      | Reached XP level 4. HP: 24/42 MP: 3/3
  1748 | D:3      | Noticed a scorpion
  1755 | D:3      | Killed a scorpion
  1756 | D:3      | Reached XP level 5. HP: 49/49 MP: 4/4
  2220 | D:4      | Noticed Menkaure
  2226 | D:4      | Killed Menkaure
  2227 | D:4      | Reached skill level 1 in Stealth
  2227 | D:4      | Reached skill level 5 in Unarmed Combat
  2227 | D:4      | Reached XP level 6. HP: 37/57 MP: 5/5
  2324 | D:4      | Found an iron altar of Okawaru.
  2365 | D:4      | Noticed Ijyb
  2376 | D:4      | Killed Ijyb
  2377 | D:4      | Reached skill level 6 in Unarmed Combat
  2572 | D:4      | Found a hazy altar of Hepliaklqana.
  2573 | D:4      | Found a shimmering altar of Xom.
  2573 | D:4      | Noticed a cyan ugly thing
  2574 | D:4      | Noticed a spectral ugly thing
  2574 | D:4      | Noticed a brown ugly thing
  2592 | D:4      | Found a basalt altar of Yredelemnul.
  2703 | D:4      | Became a worshipper of Hepliaklqana the Forgotten
  2780 | D:5      | Entered Level 5 of the Dungeon
  2785 | D:5      | Reached XP level 7. HP: 66/66 MP: 6/6
  3207 | D:5      | Found a sparkling altar of Nemelex Xobeh.
  3246 | D:5      | Noticed a yak
  3256 | D:5      | Killed a yak
  3257 | D:5      | Reached skill level 7 in Unarmed Combat
  3264 | D:5      | Noticed a yak
  3274 | D:5      | Killed a yak
  3275 | D:5      | Reached XP level 8. HP: 68/74 MP: 7/7
  3293 | D:5      | Reached * piety under Hepliaklqana
  3507 | D:5      | Found a runed translucent door.
  3508 | D:5      | Noticed Crazy Yiuf
  3581 | D:5      | Noticed Sigmund
  3596 | D:5      | Killed Sigmund
  3597 | D:5      | Reached skill level 8 in Unarmed Combat
  3680 | D:5      | HP: 2/67 [steam dragon/ball of steam (20)]
  4279 | D:5      | Noticed a troll
  4279 | D:5      | Noticed a kobold demonologist
  4282 | D:5      | Noticed a sun demon
  4286 | D:5      | Killed a kobold demonologist
  4287 | D:5      | Reached skill level 9 in Unarmed Combat
  4288 | D:5      | HP: 1/67 [troll (5)]
  4295 | D:5      | Killed a troll
  4296 | D:5      | Reached XP level 9. HP: 8/74 MP: 8/8
  4558 | D:5      | Killed Crazy Yiuf
  4594 | D:6      | Found Rifiogg's Tiny Tomes.
  4681 | D:6      | Found an ornate altar of the Wu Jian Council.
  4684 | D:6      | Found a shadowy altar of Dithmenos.
  4807 | D:6      | Reached ** piety under Hepliaklqana
  4868 | D:6      | Found a staircase to the Ecumenical Temple.
  4888 | Temple   | Entered the Ecumenical Temple
  5405 | D:7      | Reached skill level 1 in Armour
  5429 | D:7      | Remembered your ancestor Ilshubani as a hexer
  5450 | D:7      | Reached skill level 10 in Unarmed Combat
  5499 | D:7      | Reached skill level 5 in Dodging
  6029 | D:8      | Found Ynkisse's Weapon Emporium.
  6031 | D:8      | Bought a +4 shortbow of flaming for 356 gold pieces
  6053 | D:8      | Reached *** piety under Hepliaklqana
  6120 | D:8      | Reached XP level 10. HP: 77/82 MP: 9/9
  6324 | D:8      | Found a bloodstained altar of Trog.
  6399 | D:8      | Found an ancient bone altar of Kikubaaqudgha.
  6419 | D:8      | Found Gozag's Platinum Reserve.
  6423 | D:8      | Found an opulent altar of Gozag.
  6500 | D:8      | Found a shimmering blue altar of Sif Muna.
  6510 | D:8      | Reached skill level 11 in Unarmed Combat
  6750 | D:8      | Found a blossoming altar of Fedhas.
  6949 | D:9      | Paralysed by a hornet for 2 turns
  7047 | D:9      | Noticed an angel
  7048 | D:9      | Found a glowing silver altar of Zin.
  7073 | D:9      | Found a hide-covered altar of Uskayaw.
  7136 | D:9      | Reached **** piety under Hepliaklqana
  7291 | D:9      | Found Puowaniac's Jewellery Emporium.
  7478 | D:9      | Found a staircase to the Lair.
  7500 | D:9      | Found a staircase to the Orcish Mines.
  7708 | D:10     | Entered Level 10 of the Dungeon
  7738 | D:10     | Found a sacrificial altar of Ru.
  7838 | D:10     | Noticed a two-headed ogre
  7846 | D:10     | Killed a two-headed ogre
  7847 | D:10     | Reached skill level 12 in Unarmed Combat
  7847 | D:10     | Reached skill level 1 in Invocations
  8213 | D:10     | Found a white marble altar of Elyvilon.
  8363 | D:11     | Noticed a cyclops
  8369 | D:11     | Killed a cyclops
  8369 | D:11     | Noticed a brown ugly thing
  8383 | D:11     | Killed a brown ugly thing
  8384 | D:11     | Reached XP level 11. HP: 37/90 MP: 12/12
  8436 | D:11     | Reached ***** piety under Hepliaklqana
  8512 | D:11     | Noticed Nergalle
  8517 | D:11     | Noticed a two-headed ogre
  8524 | D:11     | Killed Nergalle
  8528 | D:11     | Killed a two-headed ogre
  8614 | D:11     | Noticed a two-headed ogre
  8622 | D:11     | Killed a two-headed ogre
  8623 | D:11     | Reached skill level 13 in Unarmed Combat
  8711 | D:11     | Reached skill level 5 in Invocations
  8817 | D:11     | Found a portal to a secret trove of treasure.
  8831 | D:11     | Noticed a boulder beetle
  8861 | D:11     | Killed a boulder beetle
  9358 | D:12     | Found a gate leading to a gauntlet.
  9391 | Gauntlet | Entered a Gauntlet
  9391 | Gauntlet | Noticed a necromancer
  9391 | Gauntlet | Found a transporter.
  9391 | Gauntlet | Found a transporter.
  9419 | Gauntlet | Found a transporter.
  9421 | Gauntlet | Found a transporter.
  9422 | Gauntlet | Found a transporter.
  9424 | Gauntlet | Noticed a necromancer
  9432 | Gauntlet | Found a transporter.
  9436 | Gauntlet | Found a transporter.
  9438 | Gauntlet | Noticed a large abomination
  9442 | Gauntlet | Noticed a reaper
  9446 | Gauntlet | Found a transporter.
  9457 | Gauntlet | Noticed a large abomination
  9538 | Gauntlet | Found a transporter.
  9548 | Gauntlet | Found a transporter.
  9552 | Gauntlet | Found a transporter.
  9562 | Gauntlet | Found a transporter.
  9663 | Gauntlet | Killed a necromancer
  9692 | Gauntlet | Reached skill level 14 in Unarmed Combat
  9782 | Gauntlet | Mangled by a reaper

Illustrated notes

Levels and vault maps discovered:
D:1:      dpeg_arrival_simpleton_a, layout_loops_ring
D:2:      layout_loops_ring
D:3:      layout_basic, serial_shops, shop, uniq_natasha
D:4:      nicolae_cairo_tiling, layout_rooms, regret_index_temple_of_mockery,
          lemuel_crystal_altar, mainiacjoe_overflow_24_doors,
          dreamdust_princess_corridor, uniq_ijyb, uniq_menkaure
D:5:      kennysheep_windowed_halls, layout_layer_cave,
          mainiacjoe_overflow_brackets, minmay_manual_mess,
          uniq_crazy_yiuf_cottage, uniq_sigmund
D:6:      layout_basic, grunt_temple_overflow_open,
          minmay_temple_entry_sparse_star, nicolae_shop_i_like_small_books_too,
          minmay_misc_feat_roman
D:7:      layout_basic
D:8:      layout_basic, mainiacjoe_overflow_cross_hatched,
          mainiacjoe_overflow_small_starburst, lightli_temple_of_fire,
          nicolae_gozag_zags_fifth_avenue, mainiacjoe_overflow_tiny_flanked,
          serial_shops, shop, nicolae_concentric_dashed_squares_wild
D:9:      layout_cave_pods, zin_angel, nicolae_uskayaw_dance_hall,
          grunt_lair_entry_orc_guard_hut, orc_0_dummy, serial_shops,
          nicolae_lakefront_shop, grunt_ministairs_6, minmay_misc_feat_columns
D:10:     layout_basic, mainiacjoe_overflow_surrounded_room,
          mainiacjoe_overflow_boulevard
D:11:     minmay_angry_zag, layout_small_grid, nicolae_trove_entry_free_sample,
          st_stairs_8, nicolae_tricolors, uniq_nergalle
D:12:     layout_roguey, gauntlet_entry_generic, uniq_lodul
Temple:   hellmonk_temple_beads
Gauntlet: gammafunk_gauntlet_hard_choice [gammafunk_gauntlet_arena_hedges,
          gammafunk_gauntlet_arena_arrow_garden, gammafunk_gauntlet_arena_mazey,
          nicolae_gauntlet_arena_x, gammafunk_gauntlet_arena_spirals,
          nicolae_gauntlet_arena_quarters, gauntlet_exit_hidden_loot]

Skill      XL: |  1  2  3  4  5  6  7  8  9 10 11 |
---------------+----------------------------------+-----
Throwing       | 2 |  2.1
Fighting       | 2 3 4 |  4.5
Dodging        | 3 4 5 6 |  6.8
Unarmed Combat | 4 5 6 7 9 10 12 14 | 14.0
Stealth        | 1 2 3 4 |  4.9
Armour         | 2 3 |  3.7
Invocations    | 3 6 |  6.0

Action                     |  1- 3 |  4- 6 |  7- 9 | 10-12 || total
---------------------------+-------+-------+-------+-------++-------
  Melee: Unarmed           |    95 |    66 |   224 |   296 ||   681
         Punch             |     4 |     4 |     9 |    22 ||    39
  Throw: Dart              |       |     2 |       |       ||     2
         Large rock        |       |       |       |     1 ||     1
 Invoke: Ancestor Life: He |       |       |     1 |       ||     1
    Use: Scroll            |       |    10 |     4 |     9 ||    23
         Potion            |       |       |     2 |     2 ||     4
   Stab: Sleeping          |     3 |     1 |     3 |     2 ||     9
         Distracted        |       |       |     4 |     2 ||     6
         Confused          |       |       |     2 |     7 ||     9
 Armour: Robe              |    66 |    31 |    64 |       ||   161
         Steam dragon scal |       |       |    30 |       ||    30
         Troll leather arm |       |       |    65 |   293 ||   358
  Dodge: Dodged            |    45 |    30 |   111 |   184 ||   370
